 Dungeon Crawl Stone Soup version 0.29.1-15-g9cfb28693d (webtiles) character file.

Game seed: 17931549654655354813

300 fleeber the Slasher (level 6, -3/48 HPs)
             Began as a Merfolk Gladiator on Mar 8, 2023.
             Was an Initiate of Gozag.
             Constricted to death by Eustachio (6 damage)
             ... on level 5 of the Dungeon.
             The game lasted 00:11:46 (3830 turns).

fleeber the Slasher (Merfolk Gladiator)             Turns: 3830, Time: 00:11:47

Health: -3/48      AC: 10    Str: 14    XL:     6   Next: 36%
Magic:  2/6        EV: 13    Int:  7    God:    Gozag
Gold:   194        SH:  5    Dex: 24    Spells: 3/5 levels left

rFire   . . .      SeeInvis .   a - +0 long sword
rCold   . . .      Faith    .   (no shield)
rNeg    + . .      Spirit   .   x - +3 leather armour
rPois   .          Reflect  +   c - +0 helmet
rElec   .          Harm     .   v - +2 cloak
rCorr   .          Rampage  .   (no gloves)
Will    .....                   (no boots)
Stlth   ++........              m - amulet of reflection
HPRegen 0.16/turn               h - +6 ring of dexterity
MPRegen 0.10/turn               k - ring of positive energy

@: grasped by roots, on blink cooldown, very slightly contaminated, constricted,
studying Polearms
A: (nimble swimmer 2), mertail
a: Renounce Religion, Potion Petition, Call Merchant, Bribe Branch


You were on level 5 of the Dungeon.
You worshipped Gozag.
Gozag was aware of your devotion.
You visited 2 branches of the dungeon, and saw 6 of its levels.

You collected 254 gold pieces.
You paid 60 gold pieces to Gozag.

Inventory:

Hand Weapons
 a - a +0 long sword (weapon)
Missiles
 d - 3 throwing nets
 e - 7 javelins
 f - 46 stones (quivered)
 j - 4 poisoned darts
Armour
 c - a +0 helmet (worn)
 v - a +2 cloak (worn)
 x - a +3 leather armour (worn)
Jewellery
 h - a +6 ring of dexterity (left hand)
 k - a ring of positive energy (right hand)
 m - an amulet of reflection (around neck)
Wands
 s - a wand of roots (19)
Scrolls
 b - 4 scrolls of magic mapping {unknown}
 g - a scroll of enchant weapon {unknown}
 i - 3 scrolls of identify {unknown}
 l - a scroll of immolation {unknown}
 n - a scroll of vulnerability {unknown}
 o - a scroll of noise
 p - 2 scrolls of fear {unknown}
 t - a scroll of teleportation {unknown}
Potions
 q - a potion of haste {unknown}
 r - a potion of curing {unknown}
 u - a potion of might {unknown}
 w - 2 potions of heal wounds {unknown}


   Skills:
 + Level 4.0 Fighting
 * Level 6.4 Long Blades
 - Level 2.0 Throwing
 + Level 5.7 Dodging


You had 3 spell levels left.
You knew the following spells:

 Your Spells              Type           Power      Damage    Failure   Level
a - Blink                 Tloc           0%         N/A       65%         2

Your spell library contained the following spells:

 Spells                   Type           Power      Damage    Failure   Level
 Necrotise                Necr           0%         1d4       52%         1
 Sandblast                Erth           0%         2d4       52%         1
 Summon Small Mammal      Summ           0%         N/A       52%         1
 Passwall                 Tmut/Erth      0%         N/A       65%         2
 Call Canine Familiar     Summ           0%         N/A       87%         3
 Lesser Beckoning         Tloc           0%         N/A       87%         3
 Stone Arrow              Conj/Erth      0%         3d7       87%         3
 Summon Guardian Golem    Hex/Summ       0%         N/A       87%         3
 Vampiric Draining        Necr           0%         2d6       87%         3
 Agony                    Necr           0%         N/A       100%        5
 Manifold Assault         Tloc           0%         N/A       100%        5


Dungeon Overview and Level Annotations

Branches:
Dungeon (5/15)             Temple (1/1) D:4

Altars:
Cheibriados
Dithmenos
Elyvilon
Gozag
Hepliaklqana
Kikubaaqudgha
Makhleb
Nemelex Xobeh
Okawaru
Ru
Uskayaw
Zin
The Shining One

Annotations:
D:5 Eustachio


Innate Abilities, Weirdness & Mutations

((You are very nimble when in or above water. (Stealth+, EV+, Speed+++)))
Your lower body shifts to a powerful aquatic tail in water.


Message History

The bat barely misses you.
Eustachio zaps a wand.
The roots erupt in riotous growth!
The grasping roots grab you!
The rat is unaffected.
Eustachio is unaffected.
The bat is unaffected.
The grasping roots constrict you. The rat closely misses you.
You barely miss Eustachio.
Eustachio is almost dead.
The bat hits you but does no damage. You block the hound's attack.
Eustachio casts a spell.
The grasping roots constrict you. The rat misses you.
You hit Eustachio.
Eustachio is almost dead.
The hound misses you.
Eustachio gestures wildly while chanting.
Eustachio blinks!
The grasping roots constrict you.
* * * LOW HITPOINT WARNING * * *
You block the rat's attack. The hound barely misses you.
The white imp hits you.
* * * LOW HITPOINT WARNING * * *
The white imp freezes you.
* * * LOW HITPOINT WARNING * * *
You miscast Blink.
You are very lightly contaminated with residual magic.
Nothing appears to happen.
The bat closely misses you. The bat barely misses you.
The hound bites you but does no damage.
The iron imp hits you but does no damage.
The grasping roots constrict you.
* * * LOW HITPOINT WARNING * * *
The rat closely misses you.
The white imp hits you but does no damage.
You escape the roots grasp.
You blink.
You block the bat's attack. The bat hits you but does no damage.
Eustachio gestures wildly while chanting.
Eustachio blinks!
You block the bat's attack. The bat misses you.
Eustachio zaps a wand.
The roots erupt in riotous growth!
The grasping roots grab you!
The bat is unaffected.
The grasping roots constrict you.
You die...
Your body crumbles into a pile of gold.

#......#######
#.###......... #.#
#.'######## ##.#
#.#........ ##..#
#.#.'####+. #.rb#
#.#.#....# ##. ####.5#
#.#.#.##.#
#....#.##h####.#.#.##.#
#..@.@b§..##.#.#....#
#..........#...#.'####+.
......######...#........
....#.. ##....'########
... ....##..............
.. .§..............>.###
. ......##..####......##
.≈. #......###...##...
....#.>...####......


You could see Eustachio, a hound, a white imp (summoned) and a bat (summoned).

Vanquished Creatures
  A scorpion (D:5)
  A hound (D:4)
  An iguana (D:4)
  9 adders
  3 worms
  3 dart slugs
  8 orcs
  5 bats
  4 endoplasms
  A giant cockroach (D:2)
  13 goblins
  2 hobgoblins
  3 jackals (D:2)
  8 kobolds
  4 quokkas
  9 ball pythons
  3 frilled lizards
  5 rats
83 creatures vanquished.

Notes
Turn   | Place    | Note
-------+----------+-------------------------------------------
     0 | D:1      | fleeber the Merfolk Gladiator began the quest for the Orb.
     0 | D:1      | Reached XP level 1. HP: 16/16 MP: 1/1
   205 | D:1      | Reached skill level 4 in Long Blades
   205 | D:1      | Reached XP level 2. HP: 15/23 MP: 2/2
   857 | D:1      | Reached XP level 3. HP: 28/28 MP: 3/3
   957 | D:2      | Found a faded altar of an unknown god.
  1500 | D:2      | Reached XP level 4. HP: 28/34 MP: 4/4
  1837 | D:2      | Reached skill level 5 in Long Blades
  2376 | D:3      | Reached skill level 5 in Dodging
  2681 | D:3      | Reached XP level 5. HP: 41/41 MP: 5/5
  3316 | D:4      | Found a staircase to the Ecumenical Temple.
  3325 | Temple   | Entered the Ecumenical Temple
  3484 | Temple   | Became a worshipper of Gozag Ym Sagoz the Greedy
  3591 | D:4      | Reached skill level 6 in Long Blades
  3715 | D:5      | Entered Level 5 of the Dungeon
  3726 | D:5      | Reached XP level 6. HP: 48/48 MP: 6/6
  3798 | D:5      | Noticed Eustachio
  3804 | D:5      | Learned a level 2 spell: Blink
  3830 | D:5      | Constricted to death by Eustachio

Illustrated notes

Levels and vault maps discovered:
D:1:      dpeg_arrival_boxorama, layout_rooms, minmay_unequal
D:2:      layout_basic, ebering_ecumenical_altar_hall
D:3:      layout_rooms
D:4:      layout_rooms, minmay_temple_entry_statues, minmay_misc_feat_columns,
          kennysheep_generic_room_8
D:5:      layout_cave_pools, lemuel_coloured_pillars_altar,
          vehumet_altar_wand_db, serial_column_ruins, column_ruins_hut,
          column_ruins_grid_2, column_ruins_columns_straight,
          column_ruins_grid_1, column_ruins_open_tiny, column_ruins_open_medium,
          column_ruins_open_small_water, eino_small_chamber_without_monster,
          serial_park_tiny_pond, nicolae_elemental_shop, minivault_11,
          uniq_eustachio, uniq_edmund
Temple:   hellmonk_temple_forest_ring

Skill      XL: |  1  2  3  4  5  6 |
---------------+-------------------+-----
Long Blades    | 4 5 6 |  6.4
Fighting       | 3 4 |  4.0
Dodging        | 5 |  5.7
Throwing       | |  2.0

Action                   |  1- 3 |  4- 6 || total
-------------------------+-------+-------++-------
Melee: Long sword        |    95 |   141 ||   236
       Punch             |     1 |     3 ||     4
Throw: Stone             |       |     1 ||     1
 Cast: Blink             |       |     1 ||     1
Evoke: Wand              |       |     1 ||     1
  Use: Scroll            |       |     1 ||     1
 Stab: Sleeping          |     2 |     1 ||     3
Armor: Leather armour    |    29 |     8 ||    37
       Ring mail         |     2 |    14 ||    16
       Scale mail        |       |    14 ||    14
Dodge: Dodged            |    79 |    85 ||   164
Block: Other             |     7 |    39 ||    46
       Reflection        |       |     2 ||     2
